 Dungeon Crawl Stone Soup version 0.31.0-11-ge490571c62 (webtiles) character file.

Game seed: 13608241371851392757

71129 thirtiethelement the Fencer (level 14, -4/177 HPs)
             Began as a Demonspawn Berserker on Jan 27, 2024.
             Was a High Priest of Trog.
             Killed by divine providence
             ... invoked by an orc priest
              (14 damage)
             ... on level 2 of the Orcish Mines.
             The game lasted 00:50:41 (20049 turns).

thirtiethelement the Fencer (Demonspawn Berserker) Turns: 20049, Time: 00:50:42

Health: -4/177     AC: 15    Str: 23    XL:     14   Next: 96%
Magic:  0/4        EV:  7    Int:  5    God:    Trog [*****.]
Gold:   2032       SH: 18    Dex: 15    Spells: 13/13 levels left

rFire   . . .        K - +3 demon blade (antimagic)
rCold   + . .        L - +2 tower shield {rC+}
rNeg    . . .        y - +2 plate armour {Will+}
rPois   .            x - +1 helmet
rElec   .            e - scarf {repulsion}
rCorr   .            A - +0 pair of gloves
SInv    +            (boots unavailable)
Will    ++++.        t - amulet of guardian spirit Stlth
                     g - ring of see invisible
HPRegen 1.49/turn    F - +4 ring of slaying
MPRegen 0.09/turn

%: repel missiles, guardian spirit
@: berserking (expiring), strong-willed, corroded, regenerating, very quick
A: hooves 3, slimy green scales 1, spiny 1, demonic magic 1, dopey 1, mutation
resistance 1, strong 1
a: Renounce Religion, Berserk, Trog's Hand, Brothers in Arms


You were on level 2 of the Orcish Mines.
You worshipped Trog.
Trog was extremely pleased with you.
You visited 4 branches of the dungeon, and saw 17 of its levels.
You also visited: Ossuary, Ice Cave and Volcano.

You collected 2312 gold pieces.
You spent 280 gold pieces at shops.

Inventory:

Hand Weapons
 d - a +4 scimitar of flaming
 K - a +3 antimagic demon blade (weapon)
Missiles
 z - 22 boomerangs (quivered)
Armour
 b - a +3 plate armour of fire resistance
 e - a scarf of repulsion (worn)
 x - a +1 helmet (worn)
 y - a +2 plate armour of willpower (worn)
 A - a +0 pair of gloves (worn)
 L - a +2 tower shield of cold resistance (worn)
 M - a +4 plate armour of cold resistance
Jewellery
 a - a +4 ring of protection
 g - a ring of see invisible (left hand)
 t - an amulet of guardian spirit (around neck)
 C - a ring of poison resistance
 D - a +6 ring of dexterity
 F - a +4 ring of slaying (right hand)
Wands
 f - a wand of flame (35)
 l - a wand of mindburst (32)
 s - a wand of digging (4)
 v - a wand of paralysis (12)
 G - a wand of polymorph (2)
 H - a wand of light (7)
Scrolls
 c - 5 scrolls of teleportation
 i - 4 scrolls of poison
 m - 5 scrolls of vulnerability
 n - 2 scrolls of torment
 q - 3 scrolls of blinking
 r - 4 scrolls of identify
 E - 2 scrolls of fog
 I - a scroll of fear
Potions
 h - 6 potions of curing
 j - 8 potions of heal wounds
 k - 3 potions of invisibility
 o - 7 potions of cancellation
 p - 3 potions of haste
 u - 2 potions of lignification
 w - 5 potions of might
 B - 3 potions of magic
 J - a potion of attraction


   Skills:
 + Level 13.0 Fighting
 + Level 15.3 Long Blades
 + Level 0.7 Throwing
 + Level 11.9 Armour
 + Level 4.0 Dodging
 + Level 1.3 Stealth
 + Level 10.3 Shields
 + Level 0.3 Unarmed Combat


You had 13 spell levels left.
You didn't know any spells.
Your spell library contained the following spells:

 Spells                   Type           Power      Damage    Failure   Level
 Necrotise                Necr           0%         1d4       100%        1
 Sandblast                Erth           0%         2d4       100%        1
 Summon Small Mammal      Summ           0%         N/A       100%        1
 Call Imp                 Summ           0%         N/A       100%        2
 Sublimation of Blood     Necr           0%         N/A       100%        2
 Call Canine Familiar     Summ           0%         N/A       100%        3
 Dazzling Flash           Conj/Hex       0%         N/A       100%        3
 Inner Flame              Hex/Fire       0%         N/A       100%        3
 Passwall                 Erth           0%         N/A       100%        3
 Stone Arrow              Conj/Erth      0%         3d7       100%        3
 Volatile Blastmotes      Fire/Tloc      0%         2d10      100%        3
 Brom's Barrelling Bould  Conj/Erth      0%         2d3       100%        4
 Petrify                  Alch/Erth      0%         N/A       100%        4
 Summon Blazeheart Golem  Fire/Summ      0%         N/A       100%        4
 Irradiate                Conj/Alch      0%         3d11      100%        5
 Bombard                  Conj/Erth      0%         9d1       100%        6
 Starburst                Conj/Fire      0%         6d3       100%        6
 Summon Hydra             Summ           0%         N/A       100%        7
 Ignition                 Fire           0%         3d3       100%        8
 Maxwell's Capacitive Co  Air            0%         ∞         100%        8


Dungeon Overview and Level Annotations

Branches:
Dungeon (9/15)             Temple (1/1) D:4            Lair (5/5) D:9
  Swamp (0/4) Lair:2        Snake (0/4) Lair:3        Slime (0/5) Lair:5
    Orc (2/2) D:9             Elf (0/3) Orc:2       Ossuary (visited)
  IceCv (visited)         Volcano (visited)

Altars:
Ashenzari
Dithmenos
Fedhas
Gozag
Hepliaklqana
Kikubaaqudgha
Makhleb
Nemelex Xobeh
Okawaru
Ru
Sif Muna
Trog
Uskayaw
Vehumet
Wu Jian
Xom
Yredelemnul
Jiyva

Shops:
D:1 (   D:5 !   Orc:1 (


Innate Abilities, Weirdness & Mutations

You have hooves in place of feet.
You are partially covered in slimy green scales. (AC +2)
You are partially covered in sharp spines.
Spells you cast may paralyse adjacent enemies.
You are dopey. (Int -2)
You are somewhat resistant to further mutation.
Your muscles are strong. (Str +4, Int/Dex -1)


Message History

* * * LOW HITPOINT WARNING * * *
The orc priest mumbles some strange prayers to Beogh against you.
Beogh smites you!
* * * LOW HITPOINT WARNING * * *
You closely miss the orc warrior. You barely miss the orc warrior.
You kick the orc warrior, but do no damage.
The orc warrior hits you but does no damage.
You hit the orc warrior.
The orc warrior is lightly wounded.
You slash the orc warrior! You kick the orc warrior.
The orc warrior is heavily wounded.
You block the orc warrior's attack.
The orc priest invokes the aid of Beogh against you.
Beogh smites you!
* * * LOW HITPOINT WARNING * * *
You hit the orc priest. You kick the orc priest.
The orc priest is severely wounded.
You barely miss the orc priest. You kick the orc priest.
The orc priest is severely wounded.
The orc warrior hits you but does no damage.
You block the orc warrior's attack.
The orc priest casts a cantrip, but nothing happens.
You block the orc priest's attack.
You slice the orc priest!!
You feel the power of Trog in you as your rage grows.
You kill the orc priest!
Trog accepts your kill. The orc warrior barely misses you.
You block the orc warrior's attack.
The orc priest looks satisfied for a moment.
An orc priest comes into view. It is wielding a +0 dagger.
Things that are here:
a +2 dagger of distortion; a +0 ring mail You slash the orc priest!
You kick the orc priest.
You kill the orc priest!
Trog accepts your kill. You block the orc warrior's attack. x2
The orc priest calls down the wrath of Beogh upon you.
Beogh smites you!
You die...

##.........#.##..........#.......
#................................
##.........#.#............#......
#..........#................#...
#....#..........#..........##...
##.............................#
#.........)............#........
##.............o)..#...##.#...##
#...........#.o@....#.##......##
#..........#..).).)####....#...#
##......#......oo).#..#......#..#
#........................#...#...
#..................#....###.###..
#.............#...........
##.........o........######
##................##
##................##


You could see 2 orc warriors, 2 orc priests and an orc wizard.

Vanquished Creatures
  A frost giant (IceCv)
  An orc warlord (Orc:1)
  A stone giant (Volcano)
  A fire dragon (Lair:5)
  6 hydras
  A two-headed ogre (D:8)
  2 boulder beetles (Lair:5)
  8 death yaks
  Urug (Lair:5)
  5 skysharks
  An obsidian statue (Volcano)
  5 orc knights (Orc:1)
  2 lindwurms
  2 orc sorcerers (Orc:2)
  An oklob plant (Lair:5)
  12 elephants
  A kobold blastminer (Orc:1)
  Maurice (D:7)
  A torpor snail (Lair:3)
  3 molten gargoyles (Lair:5)
  7 black mambas
  2 gargoyles (Volcano)
  An ice statue (IceCv)
  15 cane toads
  12 komodo dragons
  9 rime drakes
  An efreet (Volcano)
  Psyche (D:9)
  9 polar bears
  30 blink frogs
  5 dream sheep (Lair:4)
  7 wyverns
  4 fire bats (Volcano)
  55 yaks
  3 basilisks
  5 steam dragons
  A warg (D:9)
  A naga (Lair:3)
  15 water moccasins
  3 hell hounds (Lair:5)
  A swamp drake (Lair:2)
  3 black bears
  24 orc warriors
  2 ogres
  23 wolves
  2 sky beasts
  3 centaurs
  3 phantoms
  3 kobold brigands
  The ghost of Biggs the Ducker, an amateur FeSh (D:3)
  8 bullfrogs
  11 scorpions
  An earth elemental (Volcano)
  8 wights
  3 killer bees (D:9)
  3 electric eels (D:9)
  5 howler monkeys
  The ghost of Zeia the Firebug, a weakling DsFE (D:3)
  8 lava snakes
  A centaur zombie (Ossuary)
  A jelly (D:8)
  23 orc priests
  2 bombardier beetles (D:5)
  4 hounds
  A gnoll bouda (D:7)
  2 human zombies (Ossuary)
  5 iguanas
  A sleepcap (D:6)
  17 orc wizards
  3 scorpion zombies (Ossuary)
  4 mummies
  3 gnolls (D:7)
  7 adders
  2 shadow imps
  A white imp (D:4)
  An adder zombie (Ossuary)
  2 dart slugs
  64 orcs
  2 endoplasms
  2 giant cockroaches
  9 goblins
  5 hobgoblins
  7 jackals
  4 quokkas
  6 ball pythons
  11 bats
  4 frilled lizards
  3 gnoll zombies (Ossuary)
  A goblin zombie (D:4)
  2 jackal zombies (Ossuary)
  34 kobolds
  A kobold zombie (D:4)
  An orc zombie (Ossuary)
  4 rats
595 creatures vanquished.

Vanquished Creatures (collateral kills)
  An orc knight (Orc:1)
  Jeremiah (D:7)
2 creatures vanquished.

Grand Total: 597 creatures vanquished

Notes
Turn   | Place    | Note
-------+----------+-------------------------------------------
     0 | D:1      | thirtiethelement the Demonspawn Berserker began the quest
                  | for the Orb.
     0 | D:1      | Reached XP level 1. HP: 18/18 MP: 1/1
    87 | D:1      | Found Fabbiori's Weapon Boutique.
   165 | D:1      | Gained mutation: Spells you cast may paralyse adjacent
                  | enemies. [demonic ancestry]
   165 | D:1      | Reached XP level 2. HP: 24/24 MP: 2/2
   189 | D:1      | Reached skill level 3 in Long Blades
   222 | D:1      | You fall into a shaft and drop 1 floor!
   692 | D:1      | Reached XP level 3. HP: 20/29 MP: 3/3
   695 | D:1      | Reached ** piety under Trog
  1437 | D:2      | Reached XP level 4. HP: 17/35 MP: 4/4
  2419 | D:3      | Found a runed translucent gate.
  2419 | D:3      | Found a runed translucent gate.
  2419 | D:3      | Found a runed translucent gate.
  2420 | D:3      | Noticed Zeia's ghost (weakling DsFE)
  2421 | D:3      | Noticed Biggs's ghost (amateur FeSh)
  2646 | D:4      | Reached XP level 5. HP: 20/42 MP: 1/5
  2651 | D:4      | Reached *** piety under Trog
  2771 | D:4      | Found a sand-covered staircase.
  2901 | Ossuary  | Entered an ossuary
  2988 | Ossuary  | Reached skill level 4 in Long Blades
  3002 | Ossuary  | Reached XP level 6. HP: 26/49 MP: 4/6
  3373 | Ossuary  | Reached skill level 5 in Long Blades
  3441 | Ossuary  | Gained mutation: You have large cloven feet. [demonic
                  | ancestry]
  3441 | Ossuary  | Reached XP level 7. HP: 11/55 MP: 5/7
  3448 | Ossuary  | HP: 2/55 [poisoned by a scorpion]
  3766 | Ossuary  | Reached skill level 5 in Fighting
  4003 | Ossuary  | Identified a scroll of acquirement
  4003 | Ossuary  | Acquired a +3 plate armour of fire resistance
  4254 | D:1      | Bought a +2 scimitar of flaming for 230 gold pieces
  4353 | D:3      | Killed Biggs's ghost
  4354 | D:3      | Reached skill level 6 in Long Blades
  4354 | D:3      | Killed Zeia's ghost
  4397 | D:4      | Noticed a +0 dagger
  4397 | D:4      | Noticed a +0 dagger
  4398 | D:4      | Found a hide-covered altar of Uskayaw.
  4438 | D:4      | Found a shimmering altar of Xom.
  4505 | D:4      | Found a staircase to the Ecumenical Temple.
  4556 | Temple   | Entered the Ecumenical Temple
  4721 | D:4      | Gained mutation: You have hoof-like feet. [demonic
                  | ancestry]
  4721 | D:4      | Reached XP level 8. HP: 62/62 MP: 8/8
  4898 | D:5      | Entered Level 5 of the Dungeon
  4931 | D:5      | Found an opulent altar of Gozag.
  5009 | D:5      | Found Igideg's Distillery.
  5022 | D:5      | Bought a potion of heal wounds for 50 gold pieces
  5034 | D:5      | Found a hazy altar of Hepliaklqana.
  5093 | D:5      | Found a radiant altar of Vehumet.
  5412 | D:5      | Reached skill level 5 in Armour
  5779 | D:5      | Reached skill level 7 in Long Blades
  6177 | D:6      | Gained mutation: You are partially covered in slimy green
                  | scales. (AC +2) [demonic ancestry]
  6177 | D:6      | Reached XP level 9. HP: 71/71 MP: 9/9
  6631 | D:7      | Reached **** piety under Trog
  6949 | D:7      | Found a shimmering blue altar of Sif Muna.
  6958 | D:7      | Noticed Jeremiah
  6968 | D:7      | Noticed Maurice
  7018 | D:7      | Something stole 244 gold
  7032 | D:7      | Killed Jeremiah
  7033 | D:7      | Reached skill level 8 in Long Blades
  7053 | D:7      | Killed Maurice
  7429 | D:7      | Found an ancient bone altar of Kikubaaqudgha.
  7540 | D:8      | Noticed a two-headed ogre
  7588 | D:8      | Killed a two-headed ogre
  7589 | D:8      | Reached skill level 9 in Long Blades
  7589 | D:8      | Reached XP level 10. HP: 47/80 MP: 4/10
  8279 | D:8      | Found a burning altar of Makhleb.
  8575 | D:9      | Reached skill level 10 in Long Blades
  8599 | D:9      | Reached skill level 1 in Stealth
  8797 | D:9      | Got Sif Muna's Papyrus of Detritus and Unspeakable Words
  8843 | D:9      | Reached ***** piety under Trog
  8969 | D:9      | Found a sparkling altar of Nemelex Xobeh.
  9019 | D:9      | Found a staircase to the Lair.
  9192 | D:9      | Noticed Psyche
  9202 | D:9      | Killed Psyche
  9357 | D:9      | Found a staircase to the Orcish Mines.
  9453 | D:9      | Reached skill level 11 in Long Blades
  9777 | Lair:1   | Entered Level 1 of the Lair of Beasts
  9793 | Lair:1   | Gained mutation: You have hooves in place of feet. [demonic
                  | ancestry]
  9793 | Lair:1   | Reached XP level 11. HP: 57/87 MP: 8/11
  9969 | Lair:1   | Found a frozen archway.
  9978 | Lair:1   | Reached skill level 12 in Long Blades
  9986 | IceCv    | Entered an ice cave
  9999 | IceCv    | Received a gift from Trog
 10251 | IceCv    | Noticed a death yak
 10266 | IceCv    | Killed a death yak
 10345 | IceCv    | Noticed a death yak
 10354 | IceCv    | Killed a death yak
 10676 | IceCv    | Noticed a death yak
 10681 | IceCv    | Noticed a death yak
 10700 | IceCv    | Killed a death yak
 10701 | IceCv    | Reached skill level 13 in Long Blades
 10704 | IceCv    | Killed a death yak
 10705 | IceCv    | Reached XP level 12. HP: 93/97 MP: 8/12
 10772 | IceCv    | Noticed a death yak
 10772 | IceCv    | Noticed a frost giant
 10781 | IceCv    | Reached skill level 10 in Fighting
 10796 | IceCv    | Killed a death yak
 10804 | IceCv    | Killed a frost giant
 11183 | IceCv    | Gained mutation: You are occasionally teleported next to
                  | monsters. [potion of mutation]
 11183 | IceCv    | Gained mutation: Your flesh is heat resistant. (rF+)
                  | [potion of mutation]
 11609 | Lair:1   | Identified the +1 robe of Uskayaw's Esteem {rF+ rN+}
 11727 | Lair:1   | Reached skill level 1 in Shields
 11866 | Lair:1   | Reached skill level 14 in Long Blades
 12652 | Lair:2   | Noticed a seven-headed hydra
 12656 | Lair:2   | Killed a four-headed hydra
 12657 | Lair:2   | Reached skill level 10 in Armour
 12722 | Lair:2   | Found a staircase to the Swamp.
 12897 | Lair:2   | Gained mutation: You are partially covered in sharp spines.
                  | [demonic ancestry]
 12897 | Lair:2   | Reached XP level 13. HP: 54/106 MP: 5/13
 12926 | Lair:2   | Found a dark tunnel.
 12935 | Volcano  | Entered a volcano
 12989 | Volcano  | Received a gift from Trog
 13063 | Volcano  | Found a burning altar of Makhleb.
 13063 | Volcano  | Noticed a stone giant
 13077 | Volcano  | Killed a stone giant
 13663 | Lair:2   | Reached skill level 5 in Shields
 14875 | Lair:3   | Found a staircase to the Snake Pit.
 15702 | Lair:4   | Reached XP level 14. HP: 53/114 MP: 11/14
 16371 | Lair:4   | Lost mutation: Your flesh is heat resistant. (rF+) [potion
                  | of mutation]
 16371 | Lair:4   | Lost mutation: You are occasionally teleported next to
                  | monsters. [potion of mutation]
 16371 | Lair:4   | Gained mutation: Your muscles are strong. (Str +4, Int/Dex
                  | -1) [potion of mutation]
 16371 | Lair:4   | Gained mutation: You are dopey. (Int -2) [potion of
                  | mutation]
 16371 | Lair:4   | Gained mutation: You are somewhat resistant to further
                  | mutation. [potion of mutation]
 16824 | Lair:5   | Entered Level 5 of the Lair of Beasts
 17531 | Lair:5   | Reached skill level 15 in Long Blades
 17683 | Lair:5   | Found a staircase to the Slime Pits.
 17684 | Lair:5   | Found a viscous altar of Jiyva.
 17751 | Lair:5   | Noticed Urug
 17779 | Lair:5   | Killed Urug
 18395 | Lair:5   | Found a large runed translucent door.
 18396 | Lair:5   | Found a large runed translucent door.
 18807 | Orc:1    | Entered Level 1 of the Orcish Mines
 18811 | Orc:1    | Reached ****** piety under Trog
 18876 | Orc:1    | You fall into a shaft and drop 1 floor!
 18876 | Orc:2    | Entered Level 2 of the Orcish Mines
 18947 | Orc:1    | Found Lawep's Antique Weapon Emporium.
 19242 | Orc:1    | Noticed an orc warlord
 19247 | Orc:1    | Received a gift from Trog
 19303 | Orc:1    | Killed an orc warlord
 19304 | Orc:1    | Reached skill level 10 in Shields
 19840 | Orc:2    | Found a staircase to the Elven Halls.
 20044 | Orc:2    | HP: 5/177 [orc priest/divine providence (9)]
 20049 | Orc:2    | Killed from afar by an orc priest

Illustrated notes

Levels and vault maps discovered:
D:1:      eino_arrival_cavern_e, layout_basic, serial_shops,
          nicolae_shop_waterfront, minmay_hexomino_p4
D:2:      layout_rooms
D:3:      minmay_angry_zag, layout_basic, gammafunk_ghost_cemetery
D:4:      layout_rooms, marbit_many_paths, dancing_weapons_uskayaw,
          minmay_temple_entry_offerings, nicolae_ossuary_entry_giza,
          minmay_fractal_squares_5
D:5:      layout_gridville, vehumet_crystals,
          mainiacjoe_overflow_surrounded_room, nicolae_hepliaklqana_hazy_memory,
          grunt_gozag_statues, serial_shops, nicolae_shop_tiny_statue_garden,
          kennysheep_potato
D:6:      lemuel_ice_spiral_2, layout_rooms
D:7:      layout_basic, general_overflow_altar,
          mainiacjoe_overflow_cross_hatched, uniq_maurice, uniq_jeremiah
D:8:      layout_basic, makhleb_blood_cavern_becter, minmay_misc_feat_x
D:9:      layout_roguey, nemelex_altar_shiori, erik_lair_orcish_takeover,
          serial_bayou, serial_bayou_pond_e, serial_bayou_pond_e,
          serial_bayou_ford_a, serial_bayou_lagoon_a, nicolae_letterblocks
          [nicolae_letter_subblock, nicolae_letter_subblock,
          nicolae_letter_subblock, nicolae_letter_subblock,
          nicolae_letter_subblock, nicolae_letter_subblock,
          nicolae_letter_subblock, nicolae_letter_subblock,
          nicolae_letter_subblock, nicolae_letter_subblock,
          nicolae_letter_subblock, nicolae_letter_subblock,
          nicolae_letter_subblock, nicolae_letter_subblock,
          nicolae_letter_subblock, nicolae_letter_subblock,
          nicolae_letter_subblock, nicolae_letter_subblock,
          nicolae_letter_subblock, nicolae_letter_subblock,
          nicolae_letter_subblock, nicolae_letter_subblock,
          nicolae_letter_subblock, nicolae_letter_subblock,
          nicolae_letter_subblock], uniq_psyche
Temple:   nicolae_temple_bog_church
Lair:1:   layout_misc_corridors, portal_ice_cave_rime, serial_bayou_pond_d,
          grunt_megastairs_1
Lair:2:   layout_chaotic_city, minmay_swamp_entry_reptiles,
          nicolae_volcano_entry_vermiform, lemuel_fruit_tree
Lair:3:   layout_roguey, guppyfry_snake_entry_island, grunt_megastairs_3
Lair:4:   layout_layer_cave, small_statue_intersection, st_stairs_4
Lair:5:   cheibrodos_lair_end_hotspot, layout_regular_city, slime_entry_1,
          hellmonk_talismancer, uniq_urug
Orc:1:    layout_caves, special_room [special_room_orc], serial_shops,
          shop_statue
Orc:2:    st_orc_mages, layout_caves

Skill      XL: |  1  2  3  4  5  6  7  8  9 10 11 12 13 14 |
---------------+-------------------------------------------+-----
Long Blades    | 3 4 5 6 7 9 11 13 14 15 | 15.3
Dodging        | 2 3 4 |  4.0
Armour         | 2 3 4 5 7 8 9 10 11 | 11.9
Fighting       | 4 5 6 7 8 9 11 13 | 13.0
Stealth        | 1 |  1.3
Shields        | 3 8 10 | 10.3
Throwing       | |  0.7
Unarmed Combat | |  0.3

Action                     |  1- 3 |  4- 6 |  7- 9 | 10-12 | 13-15 || total
---------------------------+-------+-------+-------+-------+-------++-------
  Melee: Falchion          |   183 |   258 |    77 |       |       ||   518
         Punch             |     2 |     5 |     6 |     4 |       ||    17
         Kick              |       |       |    95 |   190 |   358 ||   643
         Scimitar          |       |       |   244 |   532 |   381 ||  1157
         Unarmed           |       |       |       |     5 |       ||     5
         Demon blade       |       |       |       |       |   450 ||   450
  Throw: Boomerang         |       |       |     2 |     6 |     1 ||     9
 Invoke: Berserk           |     2 |     4 |     4 |     6 |     3 ||    19
         Trog's Hand       |       |     2 |     4 |     4 |     5 ||    15
         Brothers in Arms  |       |       |     1 |       |     1 ||     2
    Use: Scroll            |       |       |    22 |     3 |     4 ||    29
         Potion            |       |       |       |     4 |     1 ||     5
 Armour: Animal skin       |    94 |       |       |       |       ||    94
         Ring mail         |    46 |   167 |    44 |       |       ||   257
         Plate armour      |       |       |   246 |   524 |   544 ||  1314
         Skin              |       |       |       |     1 |       ||     1
         Chain mail        |       |       |       |    28 |       ||    28
  Dodge: Dodged            |   181 |   130 |   112 |   134 |    81 ||   638
         Repelled          |     1 |       |     4 |     7 |    10 ||    22
  Block: Tower shield      |       |       |       |   165 |   811 ||   976
